 Dungeon Crawl Stone Soup version 0.30.0-29-ga12c61a403 (webtiles) character file.

Game seed: 11850785007595598537

4439 Josd the Thaumaturge (level 10, -5/48 HPs)
             Began as a Vine Stalker Necromancer on June 7, 2023.
             Was a Follower of Yredelemnul.
             Slain by a cyan ugly thing (6 damage)
             ... on level 8 of the Dungeon.
             The game lasted 00:38:31 (7674 turns).

Josd the Thaumaturge (Vine Stalker Necromancer)     Turns: 7674, Time: 00:38:32

Health: -5/48      AC:  3    Str: 12      XL:     10   Next: 36%
Magic:  0/24       EV: 13    Int: 18 (19) God:    Yredelemnul [*.....]
Gold:   211        SH:  0    Dex: 14      Spells: 12/27 levels left

rFire   . . .        h - +3 dagger
rCold   . . .        (no shield)
rNeg    . . .        a - +0 robe
rPois   .            n - +0 helmet
rElec   .            (no cloak)
rCorr   .            (no gloves)
SInv    .            (no boots)
Will    +....        o - amulet of magic regeneration
Stlth   +            (no ring)
HPRegen 1.08/turn    (no ring)
MPRegen 0.59/turn

%: guardian spirit
@: confused, ambrosia-drunk
A: fangs 3, regeneration 1, magic shield, antimagic bite, no potion heal 2
a: Renounce Religion, Recall Undead Harvest


You were on level 8 of the Dungeon.
You worshipped Yredelemnul.
Yredelemnul was noncommittal.
You visited 1 branch of the dungeon, and saw 8 of its levels.

You collected 379 gold pieces.
You spent 168 gold pieces at shops.

Inventory:

Hand Weapons
 c - a +0 club
 h - a +3 dagger (weapon)
 i - a +0 sling
 A - a +0 whip of flaming
Missiles
 f - 2 boomerangs
 p - 14 poisoned darts
 x - 2 atropa-tipped darts
Armour
 a - a +0 robe (worn)
 l - a +1 scale mail of fire resistance
 n - a +0 helmet (worn)
Jewellery
 o - an amulet of magic regeneration (around neck)
Wands
 s - a wand of paralysis (1)
 F - a wand of iceblast (6)
 J - a wand of mindburst (18)
Scrolls
 j - a scroll of magic mapping {unknown}
 m - 3 scrolls of amnesia {unknown}
 q - a scroll of blinking (quivered) {unknown}
 r - a scroll of noise {unknown}
 u - 4 scrolls of teleportation {unknown}
 v - a scroll of torment {unknown}
 w - 2 scrolls of vulnerability {unknown}
 y - a scroll of acquirement {unknown}
 E - 2 scrolls of immolation {unknown}
 G - 2 scrolls of enchant armour {unknown}
 H - 2 scrolls of identify
 I - a scroll of enchant weapon {unknown}
Potions
 b - a potion of magic
 d - 4 potions of attraction
 e - 3 potions of curing
 g - 2 potions of ambrosia
 k - 3 potions of lignification {unknown}
 t - 2 potions of degeneration {unknown}
 z - 2 potions of brilliance
 B - a potion of berserk rage {unknown}
 C - a potion of heal wounds {unknown}
 D - a potion of haste {unknown}


   Skills:
 + Level 2.8 Fighting
 + Level 2.5 Short Blades
 + Level 0.1 Maces & Flails
 + Level 1.0 Throwing
 + Level 3.8 Dodging
 + Level 4.4 Stealth
 + Level 9.0 Spellcasting
 + Level 8.9 Necromancy
 * Level 5.4 Invocations


You had 12 spell levels left.
You knew the following spells:

 Your Spells              Type           Power      Damage    Failure   Level
a - Necrotise             Necr           100%       1d9       1%          1
b - Vampiric Draining     Necr           40%        2d8       1%          3
c - Cigotuvi's Dreadful   Necr/Pois/Air  36%        N/A       4%          2
d - Agony                 Necr           40%        N/A       6%          5
e - Dispel Undead         Necr           40%        3d16      2%          4

Your spell library contained the following spells:

 Spells                   Type           Power      Damage    Failure   Level
 Call Canine Familiar     Summ           8%         N/A       26%         3
 Dazzling Flash           Conj/Hex       16%        N/A       26%         3
 Ozocubu's Armour         Ice            8%         N/A       26%         3
 Portal Projectile        Hex/Tloc       16%        N/A       26%         3
 Volatile Blastmotes      Fire/Tloc      16%        2d11      26%         3
 Iskenderun's Mystic Bla  Conj/Tloc      8%         2d4       65%         4
 Leda's Liquefaction      Hex/Erth       4%         N/A       65%         4
 Metabolic Englaciation   Hex/Ice        4%         N/A       94%         5
 Starburst                Conj/Fire      4%         6d3       100%        6
 Animate Dead             Necr           Unusable   N/A       N/A         4
 Death Channel            Necr           Unusable   N/A       N/A         6
 Simulacrum               Ice/Necr       Unusable   N/A       N/A         6

Dungeon Overview and Level Annotations

Branches:
Dungeon (8/15)             Temple (0/1) D:5            Lair (0/5) D:8

Altars:
Cheibriados
Kikubaaqudgha
Qazlal
Vehumet
Wu Jian
Xom
Yredelemnul

Shops:
D:2 [   D:8 !


Innate Abilities, Weirdness & Mutations

You have razor-sharp teeth.
Your natural rate of healing is unusually fast.
When hurt, damage is shared between your health and your magic reserves.
Your bite disrupts and absorbs the magic of your enemies.
Potions cannot restore your health.


Message History

You barely miss the purple ugly thing. You bite the purple ugly thing.
You drain its power.
You feel invigorated.
The purple ugly thing is moderately wounded.
The purple ugly thing claws your spectral glowing orange brain.
The purple ugly thing basks in the mutagenic energy from its kin and changes!
The cyan ugly thing basks in the mutagenic energy from its kin and changes!
Your gnoll zombie hits the purple ugly thing.
You completely miss the cyan ugly thing.
You bite the cyan ugly thing, but do no damage.
The cyan ugly thing is moderately wounded.
The purple ugly thing claws your spectral glowing orange brain!
Your gnoll zombie hits the purple ugly thing but does no damage.
You hit the cyan ugly thing.
The cyan ugly thing is moderately wounded.
The purple ugly thing basks in the mutagenic energy from its kin and changes!
You hit the cyan ugly thing but do no damage.
You bite the cyan ugly thing. You drain its power.
You feel invigorated.
The cyan ugly thing is moderately wounded.
The cyan ugly thing closely misses you.
Your gnoll zombie hits the red ugly thing.
You hit the cyan ugly thing. Your bite misses the cyan ugly thing.
The cyan ugly thing is moderately wounded.
The red ugly thing misses you. The cyan ugly thing closely misses you.
Your gnoll zombie hits the red ugly thing but does no damage.
You barely miss the cyan ugly thing.
You bite the cyan ugly thing, but do no damage.
The cyan ugly thing is moderately wounded.
The red ugly thing trunk-slaps you!
You are engulfed in flames!
The cyan ugly thing kicks you. The cyan ugly thing shocks you!
You are confused.
Your system rejects the healing.
You feel invigorated.
Your gnoll zombie hits the red ugly thing but does no damage.
The red ugly thing engulfs you but does no damage.
The red ugly thing trunk-slaps you!
* * * LOW HITPOINT WARNING * * *
You are engulfed in flames!!
* * * LOW HITPOINT WARNING * * *
The cyan ugly thing kicks you.
You die...
Your body rises from the dead as a mindless zombie.

# #Z# !#...#.###.# #
#Z###.#.#.##...# #
#Z##ยง#...#.#.#.# #
#Z##..!#...#.#.# #
#Z##.#...#.#.#.#
########
#Z##...Z...#.#.#
.......#
#.####u''###.#.##
######.#
#.##uuZ....###..# #.#
#.#.@u......###.###
#.#
#.#####...........#
#.#
####Z#############.#.#
#.# #....ZZZ..>....#
#.#.# #.#
#.##)#########.# #.#.#
#.# #Z##.# #.###.#.#
###<###Z##.#
######.##....# #
#...ZZ.Z##.#
#.........#..# #
#.#Z######.#
#.####.##....#


You could see 4 ugly things, a friendly spectral glowing orange brain and a
friendly gnoll zombie.

Vanquished Creatures
  A glowing orange brain (D:8)
  Pikel (D:5)
  A hornet (D:8)
  Prince Ribbit (D:7)
  2 steam dragons
  An acid dragon (D:8)
  2 orc warriors
  3 sky beasts
  2 black bears
  A centaur (D:8)
  An ogre (D:6)
  2 lemures
  A bullfrog (D:8)
  7 killer bees
  A howler monkey (D:8)
  5 hounds
  A jelly (D:6)
  2 orc priests (D:5)
  4 iguanas
  2 sleepcaps
  Terence (D:3)
  3 orc wizards
  5 gnolls
  4 adders
  2 ufetubi (D:5)
  2 worms (D:2)
  A dart slug (D:2)
  7 orcs
  7 bats
  A bat zombie (D:4)
  11 endoplasms
  2 giant cockroaches
  5 goblins
  3 hobgoblins
  7 kobolds
  2 quokkas
  9 ball pythons
  3 frilled lizards
  8 rats
  2 rat zombies (D:4)
126 creatures vanquished.

Vanquished Creatures (collateral kills)
  A komodo dragon (D:8)
  A wraith (D:7)
  A black bear (D:5)
  A kobold brigand (D:8)
  2 killer bees (D:7)
  2 hounds
  A gnoll bouda (D:7)
  A sleepcap (D:7)
  2 iguanas
  4 gnolls (D:7)
  An adder (D:3)
  A bat (D:1)
  A kobold (D:3)
  2 rats
  2 rat zombies (D:4)
23 creatures vanquished.

Vanquished Creatures (others)
  A human zombie (D:7)
  A komodo dragon zombie (D:8)
  A killer bee (D:8)
  A bullfrog zombie (D:8)
  2 killer bee zombies
  An ogre zombie (D:6)
  An acid dragon zombie (D:8)
  4 hound zombies
  2 adder zombies
  2 iguana zombies (D:5)
  A ball python zombie (D:4)
  4 gnoll zombies
  A hobgoblin zombie (D:4)
  A kobold zombie (D:8)
  4 orc zombies
  A quokka zombie (D:5)
28 creatures vanquished.

Grand Total: 177 creatures vanquished

Notes
Turn   | Place    | Note
-------+----------+-------------------------------------------
     0 | D:1      | Josd the Vine Stalker Necromancer began the quest for the
                  | Orb.
     0 | D:1      | Reached XP level 1. HP: 9/9 MP: 4/4
   125 | D:1      | Reached XP level 2. HP: 12/13 MP: 3/6
   848 | D:2      | Reached XP level 3. HP: 17/17 MP: 5/7
   880 | D:2      | Found a faded altar of an unknown god.
  1178 | D:2      | Found Dyir's Antique Armour Shoppe.
  1783 | D:3      | Noticed Terence
  1789 | D:3      | Killed Terence
  1790 | D:3      | Reached skill level 3 in Spellcasting
  1790 | D:3      | Gained mutation: Your natural rate of healing is unusually
                  | fast. [Vine Stalker growth]
  1790 | D:3      | Reached XP level 4. HP: 21/21 MP: 5/9
  2013 | D:3      | Found a stormy altar of Qazlal.
  2016 | D:3      | Found a basalt altar of Yredelemnul.
  2045 | D:3      | Became a worshipper of Yredelemnul the Dark
  2054 | D:3      | Paralysed by a hobgoblin for 5 turns
  2075 | D:3      | Learned a level 3 spell: Vampiric Draining
  2227 | D:3      | Found a hazy altar of Hepliaklqana.
  2230 | D:3      | Found a shimmering blue altar of Sif Muna.
  2230 | D:3      | Found an ornate altar of the Wu Jian Council.
  2232 | D:3      | Found a sparkling altar of Nemelex Xobeh.
  2232 | D:3      | Found a radiant altar of Vehumet.
  2232 | D:3      | Found a shimmering altar of Xom.
  2484 | D:4      | Found a snail-covered altar of Cheibriados.
  2493 | D:4      | Reached XP level 5. HP: 25/25 MP: 9/11
  2520 | D:4      | Reached * piety under Yredelemnul
  2521 | D:4      | Reached skill level 4 in Spellcasting
  2682 | D:4      | Found an ancient bone altar of Kikubaaqudgha.
  2786 | D:4      | Reached skill level 5 in Necromancy
  2987 | D:4      | Noticed a black bear
  2995 | D:4      | Identified the +1 robe "Lofesom" {Harm rC- Int-3 Dex+7}
  3003 | D:4      | Killed a black bear
  3004 | D:4      | Reached XP level 6. HP: 29/29 MP: 7/13
  4443 | D:5      | Entered Level 5 of the Dungeon
  4468 | D:5      | Found a staircase to the Ecumenical Temple.
  4615 | D:5      | Reached skill level 5 in Spellcasting
  4691 | D:5      | Reached XP level 7. HP: 27/32 MP: 13/15
  4867 | D:5      | Reached skill level 1 in Fighting
  5010 | D:5      | Reached ** piety under Yredelemnul
  5083 | D:5      | Reached skill level 1 in Short Blades
  5192 | D:6      | Reached skill level 1 in Invocations
  5265 | D:6      | Gained mutation: You have razor-sharp teeth. [Vine Stalker
                  | growth]
  5265 | D:6      | Reached XP level 8. HP: 37/37 MP: 12/17
  5279 | D:6      | Noticed Pikel
  5341 | D:5      | Killed Pikel
  5342 | D:5      | Reached skill level 6 in Spellcasting
  5417 | D:6      | Found an ornate altar of the Wu Jian Council.
  5610 | D:6      | Reached skill level 7 in Spellcasting
  5610 | D:6      | Reached XP level 9. HP: 40/43 MP: 7/20
  5868 | D:7      | Noticed Prince Ribbit
  5893 | D:7      | Killed Prince Ribbit
  6294 | D:7      | Learned a level 2 spell: Cigotuvi's Dreadful Rot
  6300 | D:7      | Learned a level 5 spell: Agony
  6305 | D:7      | Learned a level 4 spell: Dispel Undead
  6372 | D:7      | Found a radiant altar of Vehumet.
  6414 | D:7      | Your ally Prince Ribbit died
  6487 | D:7      | Reached skill level 1 in Throwing
  6500 | D:7      | Reached skill level 8 in Spellcasting
  6966 | D:8      | Noticed a hornet
  6972 | D:8      | Killed a hornet
  6973 | D:8      | Reached skill level 5 in Invocations
  6973 | D:8      | Reached XP level 10. HP: 32/47 MP: 12/23
  7075 | D:8      | Found a staircase to the Lair.
  7079 | D:8      | Reached *** piety under Yredelemnul
  7128 | D:8      | Found a runed translucent gate.
  7133 | D:8      | Found a runed translucent gate.
  7133 | D:8      | Found a runed translucent gate.
  7134 | D:8      | Noticed a red ugly thing
  7134 | D:8      | Noticed a green ugly thing
  7134 | D:8      | Noticed a white ugly thing
  7135 | D:8      | Noticed a red ugly thing
  7136 | D:8      | Noticed a glowing orange brain
  7425 | D:8      | Found Uffun's Distillery.
  7435 | D:8      | Bought a potion of ambrosia for 112 gold pieces
  7435 | D:8      | Bought a potion of brilliance for 56 gold pieces
  7663 | D:8      | Killed a glowing orange brain
  7664 | D:8      | Reached skill level 9 in Spellcasting
  7674 | D:8      | HP: 1/48 [red ugly thing (10)]
  7674 | D:8      | Slain by a cyan ugly thing

Illustrated notes

Levels and vault maps discovered:
D:1:      heliophobic_arrival_ceremonial_halls, layout_basic
D:2:      layout_loops_cross, serial_shops, nicolae_shop_advertising_works
          [nicolae_subvault_shop_adworks],
          hellmonk_ecumenical_altar_leap_of_faith
D:3:      layout_basic, doesnt_xom_only_xom, mainiacjoe_overflow_big_doors,
          uniq_terence
D:4:      layout_loops_ring, lemuel_zombie_altar_kikubaaqudgha, kennysheep_mini,
          kennysheep_generic_room_2
D:5:      layout_loops_ring, minmay_temple_entry_water_ring
D:6:      layout_rooms, mainiacjoe_overflow_paths, uniq_pikel
D:7:      layout_cave_pods, nicolae_overflow_crystal_walls, uniq_prince_ribbit1
D:8:      layout_loops_ring, david_lair_shrubbed, serial_shops, shop,
          ploomutoo_gammafunk_ghost_potion_laboratory

Skill      XL: |  1  2  3  4  5  6  7  8  9 10 |
---------------+-------------------------------+-----
Spellcasting   | 3 4 5 7 8 9 |  9.0
Dodging        | 2 3 |  3.8
Necromancy     | 5 6 7 8 |  8.9
Stealth        | 3 4 |  4.4
Fighting       | 1 2 |  2.8
Short Blades   | 1 2 |  2.5
Invocations    | 1 3 5 |  5.4
Throwing       | 1 |  1.0
Maces & Flails | |  0.1

Action                     |  1- 3 |  4- 6 |  7- 9 | 10-12 || total
---------------------------+-------+-------+-------+-------++-------
  Melee: Club              |    16 |       |       |       ||    16
         Unarmed           |     3 |       |       |       ||     3
         Bite              |     7 |    20 |    45 |    15 ||    87
         Dagger            |    14 |    72 |   146 |    28 ||   260
         Punch             |       |     2 |     1 |       ||     3
  Throw: Dart              |       |       |    12 |       ||    12
   Cast: Necrotise         |    58 |    39 |    56 |     5 ||   158
         Vampiric Draining |       |     6 |    41 |    12 ||    59
 Invoke: Recall Undead Har |       |     2 |     1 |     1 ||     4
         Dark Bargain      |       |       |     2 |     1 ||     3
    Use: Scroll            |       |     1 |     3 |       ||     4
         Potion            |       |       |     1 |     1 ||     2
   Stab: Sleeping          |     1 |     5 |     3 |       ||     9
 Armour: Robe              |     7 |    13 |    24 |     6 ||    50
  Dodge: Dodged            |    32 |    40 |   154 |    23 ||   249
